 Dungeon Crawl Stone Soup version 0.21-a0-642-g5d013b2151 (webtiles) character file.

0 Manul the Ducker (level 1, -3/11 HPs)
             Began as a Spriggan Abyssal Knight on Dec 31, 2017.
             Was a Follower of Lugonu.
             Killed from afar by a starcursed mass (4 damage)
             ... with an accursed screaming
             ... on level 2 of the Abyss.
             The game lasted 00:01:07 (279 turns).

Manul the Ducker (Spriggan Abyssal Knight)           Turns: 279, Time: 00:01:08

Health: -3/11      AC:  2    Str:  8    XL:     1   Next: 0%
Magic:  3/3        EV: 18    Int: 13    God:    Lugonu [*.....]
Gold:   40         SH:  0    Dex: 15    Spells: 0/0 levels left

rFire    . . .     SeeInvis +   a - +1 short sword
rCold    . . .     Gourm    .   (shield restricted)
rNeg     . . .     Faith    .   b - +0 robe
rPois    .         Spirit   .   (helmet restricted)
rElec    .         Reflect  .   (no cloak)
rCorr    .         Harm     .   (gloves unavailable)
MR       .....                  (boots unavailable)
Stlth    +.........             (no amulet)
HPRegen  0.03/turn              (no ring)
MPRegen  0.08/turn              (no ring)

@: very quick
A: very small, unfitting armour, see invisible, herbivore, speed 3, slow
metabolism 2
a: Depart the Abyss, Renounce Religion


You were on level 2 of the Abyss.
You worshipped Lugonu.
Lugonu was aware of your devotion.
You were not hungry.

You visited 0 branches of the dungeon, and saw 0 of its levels.
You visited the Abyss 1 time.

You collected 40 gold pieces.

Inventory:

Hand Weapons
 a - a +1 short sword (weapon)
 d - a +0 vampiric dagger
Armour
 b - a +0 robe (worn)
Potions
 e - 3 potions of ambrosia
Comestibles
 c - a ration


   Skills:
 + Level 2.4 Fighting
 + Level 2.1 Short Blades
 + Level 3.5 Dodging
 + Level 1.7 Invocations


You couldn't memorise any spells.
You didn't know any spells.

Dungeon Overview and Level Annotations

Branches:
Dungeon (0/15)

Altars:


Innate Abilities, Weirdness & Mutations

You are very small and have problems with some larger weapons.
You are too small for most types of armour.
You have supernaturally acute eyesight. (SInv)
You are a herbivore.
You cover ground extremely quickly.
You need consume almost no food.


Message History

A starcursed mass splits.
A starcursed mass splits.
A large abomination comes into view.
An orange demon comes into view.
A starcursed mass splits. x2
A starcursed mass splits.
The starcursed mass shrieks in your mind.
Found a scroll labeled WODOUT TEGIOHE.
f - a scroll labeled WODOUT TEGIOHE A starcursed mass splits.
As you read the scroll labeled WODOUT TEGIOHE, it crumbles to dust.
You speak a Word of immense power!
The orange demon convulses!
It was a scroll of holy word.
You aren't carrying any items that you can evoke.
Okay, then.
The orange demon stings you from afar!
Ouch! That really hurt!
* * * LOW HITPOINT WARNING * * *
The starcursed mass shrieks in your mind.
You die...

.... #.. ....#####
# #. #.# ##..##
....# ....##...###
###.. ##. #.#...###
#. . . ...#.4..#.#
.#.# ...##.#.#@..##
..###..4....X..#..#
...
X...####.#.#.###
#.#.#.. ...#..####
..####. .#... ##
..##..##### .. #..
##.. . .X... ..
.##. XX ....


You could see a starcursed mass and an orange demon (dazed).

Vanquished Creatures (others)
  A bush (Abyss:2)
1 creature vanquished.

Notes
Turn   | Place    | Note
-------+----------+-------------------------------------------
     0 | Abyss:1  | Manul the Spriggan Abyssal Knight began the quest for the Orb.
     0 | Abyss:1  | Reached XP level 1. HP: 11/11 MP: 3/3
   160 | Abyss:2  | Noticed a small abomination
   198 | Abyss:2  | Noticed a bone dragon
   221 | Abyss:2  | Noticed a ynoxinul
   234 | Abyss:2  | Noticed a hellwing
   246 | Abyss:2  | Noticed a starcursed mass
   249 | Abyss:2  | Noticed a large abomination
   250 | Abyss:2  | Noticed an orange demon
   279 | Abyss:2  | Killed from afar by a starcursed mass

Vault maps used:

Action                   || total
-------------------------++-------
  Use: Scroll            ||     2

Table legend:
 A = Spawn XP
 B = Non-spawn XP
 C = Spawn XP percentage of total XP
 D = Spawn monster count
 E = Non-spawn monster count
 F = Spawn count percentage of total count
 G = Total turns spent on level
                    A         B        C        D         E        F      G
               +---------+---------+-------+---------+---------+-------+---------
         Total |       0 |       0 |   N/A |       0 |       0 |   N/A |   279
               +---------+---------+-------+---------+---------+-------+---------
               +---------+---------+-------+---------+---------+-------+---------
